 Dungeon Crawl Stone Soup version 0.21.0-25-ge575cb9 (webtiles) character file.

34711 teukkam the Carver (level 13, -1/102 HPs)
             Began as a Gnoll Wanderer on Jan 25, 2018.
             Was a Priest of Jiyva.
             Slain by a catoblepas (5 damage)
             ... on level 6 of the Lair of Beasts on Jan 26, 2018.
             The game lasted 01:25:35 (16861 turns).

teukkam the Carver (Gnoll Wanderer)                Turns: 16861, Time: 01:25:36

Health: -1/102     AC: 16    Str: 23    XL:     13   Next: 79%
Magic:  0/25       EV:  2    Int: 16    God:    Jiyva [***...]
Gold:   625        SH:  0    Dex: 17    Spells: 27/28 levels left

rFire    + + .     SeeInvis .   a - +3 battleaxe (distort)
rCold    + . .     Gourm    .   (shield currently unavailable)
rNeg     + + +     Faith    .   v - +1 chain mail {rF+}
rPois    ∞         Spirit   +   r - +0 helmet
rElec    .         Reflect  .   m - scarf {Spirit}
rCorr    +         Harm     .   k - +0 pair of gloves
MR       .....                  B - +0 pair of boots
Stlth    +.........             C - amulet "Leos" {*Slow +Rage rF+ Str+2 Dex+5}
HPRegen  0.27/turn              u - ring of poison resistance
MPRegen  0.19/turn              p - ring of protection from cold

@: petrified
A: distributed training, fangs 1, large bone plates 1, blurry vision 1, jelly
sensing items, subdued magic 1, MP-powered wands, strong nose
a: Request Jelly, Renounce Religion, Evoke Berserk Rage


You were on level 6 of the Lair of Beasts.
You worshipped Jiyva.
Jiyva was most pleased with you.
You were not hungry.

You visited 2 branches of the dungeon, and saw 16 of its levels.

You collected 827 gold pieces.
You spent 202 gold pieces at shops.

Inventory:

Hand Weapons
 a - a +3 battleaxe of distortion (weapon)
 b - a +2 blowgun
 j - a +0 spear of flaming
 t - a +0 falchion
 F - a +2 short sword of distortion
Armour
 k - a +0 pair of gloves (worn)
 m - a scarf of spirit shield (worn)
 r - a +0 helmet (worn)
 v - a +1 chain mail of fire resistance (worn)
 B - a +0 pair of boots (worn)
Jewellery
 e - an uncursed ring of wizardry
 o - an uncursed amulet of regeneration
 p - a ring of protection from cold (right hand)
 u - a ring of poison resistance (left hand)
 C - the amulet "Leos" (around neck) {*Slow +Rage rF+ Str+2 Dex+5}
   (You found it on level 1 of the Lair of Beasts)

   [amulet of rage]

   It affects your strength (+2).
   It affects your dexterity (+5).
   It protects you from fire.
   It lets you go berserk.
   It may slow you when you take damage.
 J - an uncursed ring of protection from fire
Wands
 g - a wand of polymorph (11)
 s - a wand of paralysis (1)
 x - a wand of acid (9)
 H - a wand of flame (12)
 I - a wand of digging (15)
 M - a wand of iceblast (11)
 O - a wand of enslavement (9)
 P - a wand of disintegration (13)
Scrolls
 c - 4 scrolls of noise
 d - 12 scrolls of identify
 h - a scroll of fear
 i - 3 scrolls of enchant armour
 y - a scroll of fog
 A - 2 scrolls of remove curse
 D - 3 scrolls of teleportation
 G - a scroll of amnesia
 Q - a scroll of magic mapping {unknown}
Potions
 l - 4 potions of curing
 q - a potion of ambrosia {unknown}
 w - 3 potions of lignification
 z - a potion of brilliance
 E - 2 potions of flight
 N - a potion of might
Books
 n - a book of Frost

   Spells                             Type                      Level
   a - Freeze                         Ice                          1
   b - Throw Frost                    Conjuration/Ice              2
   c - Ozocubu's Armour               Charms/Ice                   3
   d - Throw Icicle                   Conjuration/Ice              4
   e - Summon Ice Beast               Ice/Summoning                4
Comestibles
 f - 18 rations


   Skills:
 + Level 9.6 Fighting
 + Level 8.4 Short Blades
 + Level 10.6 Long Blades
 + Level 8.4 Axes
 + Level 8.9 Maces & Flails
 + Level 8.4 Polearms
 + Level 8.4 Staves
 + Level 8.4 Slings
 + Level 8.4 Bows
 + Level 8.4 Crossbows
 + Level 8.9 Throwing
 + Level 8.9 Armour
 + Level 8.9 Dodging
 + Level 8.8 Stealth
 + Level 8.4 Shields
 + Level 8.4 Unarmed Combat
 + Level 8.4 Spellcasting
 + Level 7.0 Conjurations
 + Level 7.0 Hexes
 + Level 7.0 Charms
 + Level 7.0 Summonings
 + Level 7.0 Necromancy
 + Level 7.0 Translocations
 + Level 7.0 Transmutations
 + Level 7.0 Fire Magic
 + Level 7.0 Ice Magic
 + Level 7.0 Air Magic
 + Level 7.0 Earth Magic
 + Level 7.0 Poison Magic
   Level 9.2 Invocations
 + Level 8.4 Evocations


You had 27 spell levels left.
You knew the following spells:

 Your Spells              Type           Power        Failure   Level  Hunger
a - Freeze                Ice            ###.         2%          1    None


Dungeon Overview and Level Annotations

Branches:
Dungeon (10/15)            Temple (0/1) D:4            Lair (6/6) D:9
 Shoals (0/4) Lair:2        Snake (0/4) Lair:2        Slime (0/5) Lair:6
    Orc (0/2) D:10

Altars:
Fedhas
Makhleb
Trog
Xom
The Shining One
Jiyva

Shops:
D:7 [   D:10 ?

Annotations:
D:10 Nergalle
Abyss:1 Joseph


Innate Abilities, Weirdness & Mutations

Your experience applies equally to all skills.
You have very sharp teeth.
Your uncanny sense of smell can sniff out nearby items.
You are partially covered in large bone plates. (SH +4)
Scrolls take you a little longer to read.
You have a small jelly attached to you that senses nearby items.
Your spells are a little easier to cast, but a little less powerful.
You expend magic power (3 MP) to strengthen your wands.


Message History

The death yak gores the plant.
The catoblepas gores the plant.
The death yak gores the plant!!
The death yak stops moving altogether!
The death yak is no longer petrified.
The catoblepas gores you!!
* * * LOW HITPOINT WARNING * * *
The death yak gores the plant but does no damage.
The death yak gores the plant.
The catoblepas gores you but does no damage.
The death yak gores the plant!!
The plant is destroyed!
The death yak gores the plant!
The catoblepas gores you!!
* * * LOW HITPOINT WARNING * * *
The catoblepas gores you but does no damage.
The death yak gores you!!
* * * LOW HITPOINT WARNING * * *
The death yak gores the plant!
The plant is destroyed!
The catoblepas gores you!
You die...

..##..# ∆∆ ∆ #...Y#..(#
...#..## ∆ #...##P(#
...#.P.# ∆ ###Y..##.#
#.###..## #.....Y#.#
.## ##..### ....Y....##
## ##...### ∆
......§...# #.....###
∆...###....##
##......#######.......#
##.......@YYY..##..###
##P.†...YY...######
#######...P## ######


You could see 4 death yaks and a catoblepas.

Vanquished Creatures
  Kirke (Lair:5)
  Nessos (Lair:5)
  The ghost of p0werm0de the Fighter, a journeyman DgNe (Lair:4)
  3 hydras
  3 two-headed ogres
  3 death yaks (Lair:6)
  An unseen horror (D:9)
  An oklob plant (Lair:2)
  2 elephants (Lair:6)
  A merfolk siren (Lair:2)
  3 black mambas
  A gargoyle (D:10)
  5 spiny frogs
  5 rime drakes
  3 komodo dragons
  Grinder (D:4)
  2 merfolk (Lair:2)
  2 hippogriffs
  8 dream sheep
  10 blink frogs
  2 wyverns
  15 yaks
  Eustachio (D:4)
  5 hogs (Lair:5)
  Grum (D:10)
  2 basilisks
  A naga (Lair:2)
  13 water moccasins
  4 porcupines
  Duvessa (D:7)
  A phantom (D:4)
  A sky beast (D:4)
  5 ogres
  A black bear (Lair:6)
  A centaur (D:8)
  2 orc warriors
  16 wolves
  9 crocodiles
  Blork the orc (D:4)
  12 bullfrogs
  Dowan (D:7)
  A scorpion (D:5)
  4 wights (D:10)
  2 crimson imps
  2 centaur zombies
  3 hounds
  A jelly (D:9)
  An orc priest (D:10)
  3 orc wizards
  Jessica (D:2)
  A gnoll shaman (D:7)
  Terence (D:3)
  3 iguanas
  5 worker ants
  2 killer bee zombies (D:8)
  A hound zombie (D:7)
  Robin (D:3)
  A worker ant zombie (D:5)
  14 gnolls
  11 adders
  A shadow imp (D:8)
  An ooze (D:2)
  An adder zombie (D:5)
  3 worms
  2 dart slugs (D:1)
  4 leopard geckos
  36 orcs
  2 ball pythons (D:1)
  4 giant cockroaches
  5 hobgoblins
  7 jackals
  5 quokkas
  3 bats
  3 frilled lizards
  18 goblins
  6 kobolds
  A leopard gecko skeleton (D:4)
  A quokka skeleton (D:8)
  A quokka zombie (D:5)
  7 rats
  4 fungi
  2 plants
327 creatures vanquished.

Vanquished Creatures (others)
  A hydra (Lair:4)
  A catoblepas (Lair:6)
  A death yak (Lair:6)
  A cyclops (D:8)
  An elephant (Lair:6)
  A komodo dragon (Lair:6)
  A polar bear (Lair:6)
  2 hippogriffs
  3 dream sheep (Lair:4)
  3 yaks
  An eye of draining (D:9)
  An ice beast (D:8)
  A sky beast (D:8)
  3 crocodiles
  2 bullfrogs
  A howler monkey (D:8)
  32 jellies
  An orc priest (D:10)
  An iguana (D:9)
  A gnoll (D:7)
  An orc (D:10)
  A quokka (D:9)
  A bush (Lair:2)
  51 fungi
  27 plants
140 creatures vanquished.

Grand Total: 467 creatures vanquished

Notes
Turn   | Place    | Note
-------+----------+-------------------------------------------
     0 | D:1      | teukkam the Gnoll Wanderer began the quest for the Orb.
     0 | D:1      | teukkam set off with: 2 curare-tipped needles, a +2 blowgun, a +0 falchion, a potion of lignification, a +0 robe, a ration
     0 | D:1      | Reached XP level 1. HP: 20/20 MP: 1/1
   320 | D:1      | Reached XP level 2. HP: 26/26 MP: 2/2
   805 | D:2      | Reached XP level 3. HP: 27/31 MP: 3/3
   846 | D:1      | Reached skill level 1 in Invocations
  1099 | D:2      | Found a faded altar of an unknown god.
  1118 | D:2      | Became a worshipper of the Shining One
  1118 | D:2      | Reached * piety under the Shining One
  1126 | D:2      | Reached skill level 1 in Short Blades
  1126 | D:2      | Reached skill level 1 in Axes
  1126 | D:2      | Reached skill level 1 in Polearms
  1126 | D:2      | Reached skill level 1 in Staves
  1126 | D:2      | Reached skill level 1 in Slings
  1126 | D:2      | Reached skill level 1 in Bows
  1126 | D:2      | Reached skill level 1 in Crossbows
  1126 | D:2      | Reached skill level 1 in Shields
  1126 | D:2      | Reached skill level 1 in Unarmed Combat
  1126 | D:2      | Reached skill level 1 in Spellcasting
  1126 | D:2      | Reached skill level 1 in Evocations
  1280 | D:2      | Reached XP level 4. HP: 38/38 MP: 5/5
  1300 | D:2      | Noticed Jessica
  1338 | D:3      | Noticed Robin
  1345 | D:3      | Killed Robin
  1348 | D:3      | Noticed Terence
  1404 | D:4      | Noticed a sky beast
  1423 | D:4      | Killed a sky beast
  1423 | D:4      | Reached skill level 1 in Conjurations
  1423 | D:4      | Reached skill level 1 in Hexes
  1423 | D:4      | Reached skill level 1 in Charms
  1423 | D:4      | Reached skill level 1 in Summonings
  1423 | D:4      | Reached skill level 1 in Necromancy
  1423 | D:4      | Reached skill level 1 in Translocations
  1423 | D:4      | Reached skill level 1 in Transmutations
  1423 | D:4      | Reached skill level 1 in Fire Magic
  1423 | D:4      | Reached skill level 1 in Ice Magic
  1423 | D:4      | Reached skill level 1 in Air Magic
  1423 | D:4      | Reached skill level 1 in Earth Magic
  1423 | D:4      | Reached skill level 1 in Poison Magic
  1423 | D:4      | Reached XP level 5. HP: 10/43 MP: 5/7
  1963 | D:4      | Reached XP level 6. HP: 34/50 MP: 8/8
  2035 | D:4      | Noticed Eustachio
  2234 | D:2      | Killed Jessica
  2428 | D:3      | Reached skill level 5 in Fighting
  2496 | D:3      | Reached ** piety under the Shining One
  2738 | D:3      | Killed Terence
  3026 | D:4      | Killed Eustachio
  3026 | D:4      | Reached skill level 7 in Long Blades
  3026 | D:4      | Reached XP level 7. HP: 39/56 MP: 10/10
  3494 | D:4      | Noticed Grinder
  3494 | D:4      | Found a staircase to the Ecumenical Temple.
  3496 | D:4      | Gained mutation: You expend magic power (3 MP) to strengthen your wands. [potion of mutation]
  3496 | D:4      | Gained mutation: Your spells are a little easier to cast, but a little less powerful. [potion of mutation]
  3496 | D:4      | Gained mutation: Scrolls take you a little longer to read. [potion of mutation]
  3496 | D:4      | Gained mutation: You are partially covered in large bone plates. (SH +4) [potion of mutation]
  3522 | D:4      | Killed Grinder
  3522 | D:4      | Reached XP level 8. HP: 63/63 MP: 12/12
  3597 | D:4      | Noticed Blork the orc
  3615 | D:4      | Killed Blork the orc
  3665 | D:4      | Found a blossoming altar of Fedhas.
  3735 | D:5      | Entered Level 5 of the Dungeon
  4504 | D:7      | Noticed Duvessa
  4506 | D:7      | Noticed Dowan
  4571 | D:7      | Killed Duvessa
  4586 | D:7      | Reached XP level 9. HP: 40/69 MP: 4/14
  4904 | D:7      | Killed Dowan
  5080 | D:7      | Reached *** piety under the Shining One
  5326 | D:7      | Found Pecse's Antique Armour Shoppe.
  5329 | D:7      | Bought a shiny chain mail for 202 gold pieces
  5484 | D:8      | Found a bloodstained altar of Trog.
  5484 | D:8      | Found a shimmering altar of Xom.
  5484 | D:8      | Found a burning altar of Makhleb.
  5487 | D:8      | Reached skill level 5 in Maces & Flails
  5487 | D:8      | Reached skill level 5 in Throwing
  5487 | D:8      | Reached skill level 5 in Armour
  5487 | D:8      | Reached skill level 5 in Dodging
  5516 | D:8      | Reached skill level 5 in Stealth
  5680 | D:8      | Noticed a cyclops
  5826 | D:9      | Noticed an unseen horror
  5827 | D:9      | Reached skill level 8 in Long Blades
  5863 | D:9      | Noticed a two-headed ogre
  5877 | D:10     | Entered Level 10 of the Dungeon
  5877 | D:10     | Found Zeax's Magic Scroll Emporium.
  6314 | D:9      | Found a staircase to the Lair.
  6326 | Lair:1   | Entered Level 1 of the Lair of Beasts
  6456 | Lair:1   | Reached skill level 5 in Invocations
  6614 | Lair:1   | Reached XP level 10. HP: 77/77 MP: 17/17
  6790 | Lair:1   | Learned a level 1 spell: Freeze
  6846 | Lair:1   | Noticed Joseph
  6852 | Lair:1   | Banished Joseph
  6989 | Lair:1   | Got a scintillating golden amulet
  7096 | Lair:1   | Reached skill level 5 in Short Blades
  7096 | Lair:1   | Reached skill level 5 in Axes
  7096 | Lair:1   | Reached skill level 5 in Polearms
  7096 | Lair:1   | Reached skill level 5 in Staves
  7096 | Lair:1   | Reached skill level 5 in Slings
  7096 | Lair:1   | Reached skill level 5 in Bows
  7096 | Lair:1   | Reached skill level 5 in Crossbows
  7096 | Lair:1   | Reached skill level 5 in Shields
  7096 | Lair:1   | Reached skill level 5 in Unarmed Combat
  7096 | Lair:1   | Reached skill level 5 in Spellcasting
  7096 | Lair:1   | Reached skill level 5 in Evocations
  7510 | Lair:2   | Found a staircase to the Snake Pit.
  7632 | Lair:2   | Noticed a spiny frog
  7646 | Lair:2   | Noticed an oklob plant
  7698 | Lair:2   | Killed a spiny frog
  7806 | Lair:2   | Identified the amulet "Leos" {*Slow +Rage rF+ Str+2 Dex+5} (You found it on level 1 of the Lair of Beasts)
  7899 | Lair:2   | Found a staircase to the Shoals.
  7920 | Lair:2   | HP: 2/79 [merfolk/trident (14)]
  8179 | Lair:2   | Noticed a merfolk siren
  8196 | Lair:2   | Killed a merfolk siren
  8196 | Lair:2   | Reached XP level 11. HP: 66/84 MP: 17/19
  8348 | Lair:4   | Noticed p0werm0de's ghost (journeyman DgNe)
  8348 | Lair:4   | Reached **** piety under the Shining One
  8361 | Lair:4   | Killed p0werm0de's ghost
  8538 | Lair:4   | Reached skill level 9 in Long Blades
  8554 | Lair:4   | Reached skill level 5 in Conjurations
  8554 | Lair:4   | Reached skill level 5 in Hexes
  8554 | Lair:4   | Reached skill level 5 in Charms
  8554 | Lair:4   | Reached skill level 5 in Summonings
  8554 | Lair:4   | Reached skill level 5 in Necromancy
  8554 | Lair:4   | Reached skill level 5 in Translocations
  8554 | Lair:4   | Reached skill level 5 in Transmutations
  8554 | Lair:4   | Reached skill level 5 in Fire Magic
  8554 | Lair:4   | Reached skill level 5 in Ice Magic
  8554 | Lair:4   | Reached skill level 5 in Air Magic
  8554 | Lair:4   | Reached skill level 5 in Earth Magic
  8554 | Lair:4   | Reached skill level 5 in Poison Magic
  8748 | Lair:4   | Noticed a five-headed hydra
  8759 | Lair:4   | Banished a seven-headed hydra
  9149 | Lair:5   | Noticed Nessos
  9167 | Lair:5   | Killed Nessos
  9526 | Lair:5   | Noticed an eight-headed hydra
  9568 | Lair:6   | Entered Level 6 of the Lair of Beasts
  9796 | Lair:5   | Reached XP level 12. HP: 66/93 MP: 15/22
 12678 | Lair:5   | Noticed Kirke
 12719 | Lair:5   | Killed a ten-headed hydra
 12868 | Lair:5   | Found a bloodstained altar of Trog.
 13191 | Lair:5   | Killed Kirke
 13191 | Lair:5   | Reached skill level 10 in Long Blades
 13570 | Lair:6   | Reached XP level 13. HP: 96/101 MP: 22/24
 13602 | Lair:6   | Found a viscous altar of Jiyva.
 13621 | Lair:6   | Found a staircase to the Slime Pits.
 13890 | Lair:6   | Fell from the grace of the Shining One
 13890 | Lair:6   | Became a worshipper of Jiyva Jyghuom the Shapeless
 14732 | D:8      | Reached * piety under Jiyva
 14771 | D:8      | Reached ** piety under Jiyva
 15160 | D:10     | Reached *** piety under Jiyva
 15198 | D:10     | Noticed Grum
 15230 | D:10     | Killed Grum
 15474 | D:10     | Found a staircase to the Orcish Mines.
 15490 | D:10     | Noticed Nergalle
 15533 | D:9      | Gained mutation: You have a small jelly attached to you that senses nearby items. [Jiyva's grace]
 16860 | Lair:6   | HP: 4/102 [death yak (8)]
 16861 | Lair:6   | Slain by a catoblepas

Skill      XL: |  1  2  3  4  5  6  7  8  9 10 11 12 13 |
---------------+----------------------------------------+-----
Invocations    | 1 2 3 4 5 6 7 8 9 |  9.2
Short Blades   | 1 2 3 4 5 6 7 8 |  8.4
Axes           | 1 2 3 4 5 6 7 8 |  8.4
Polearms       | 1 2 3 4 5 6 7 8 |  8.4
Staves         | 1 2 3 4 5 6 7 8 |  8.4
Slings         | 1 2 3 4 5 6 7 8 |  8.4
Bows           | 1 2 3 4 5 6 7 8 |  8.4
Crossbows      | 1 2 3 4 5 6 7 8 |  8.4
Shields        | 1 2 3 4 5 6 7 8 |  8.4
Unarmed Combat | 1 2 3 4 5 6 7 8 |  8.4
Spellcasting   | 1 2 3 4 5 6 7 8 |  8.4
Evocations     | 1 2 3 4 5 6 7 8 |  8.4
Maces & Flails | 3 4 5 6 7 8 |  8.9
Throwing       | 3 4 5 6 7 8 |  8.9
Armour         | 3 4 5 6 7 8 |  8.9
Dodging        | 3 4 5 6 7 8 |  8.9
Conjurations   | 1 2 3 4 5 6 7 |  7.0
Hexes          | 1 2 3 4 5 6 7 |  7.0
Charms         | 1 2 3 4 5 6 7 |  7.0
Summonings     | 1 2 3 4 5 6 7 |  7.0
Necromancy     | 1 2 3 4 5 6 7 |  7.0
Translocations | 1 2 3 4 5 6 7 |  7.0
Transmutations | 1 2 3 4 5 6 7 |  7.0
Fire Magic     | 1 2 3 4 5 6 7 |  7.0
Ice Magic      | 1 2 3 4 5 6 7 |  7.0
Air Magic      | 1 2 3 4 5 6 7 |  7.0
Earth Magic    | 1 2 3 4 5 6 7 |  7.0
Poison Magic   | 1 2 3 4 5 6 7 |  7.0
Stealth        | 3 4 5 6 7 8 |  8.8
Fighting       | 5 6 7 8 9 |  9.6
Long Blades    | 7 8 9 10 | 10.6

Action                   |  1- 3 |  4- 6 |  7- 9 | 10-12 | 13-15 || total
-------------------------+-------+-------+-------+-------+-------++-------
Melee: Falchion          |    66 |   174 |   238 |       |       ||   478
       Bite              |     7 |    15 |    41 |    51 |    41 ||   155
       Punch             |       |     1 |     5 |       |       ||     6
       Short sword       |       |       |   130 |    59 |       ||   189
       Battleaxe         |       |       |       |   299 |   235 ||   534
 Fire: Blowgun           |       |    24 |    43 |       |       ||    67
Throw: Tomahawk          |       |       |     6 |       |     8 ||    14
       Throwing net      |       |       |       |     1 |     1 ||     2
Invok: Divine Shield     |       |       |     1 |       |       ||     1
Evoke: Wand              |       |       |     3 |    19 |    20 ||    42
  Use: Scroll            |     5 |     4 |     2 |     4 |     3 ||    18
       Potion            |     1 |     2 |     3 |     6 |     1 ||    13
 Stab: Distracted        |     1 |       |       |       |     1 ||     2
       Petrifying        |       |       |       |       |     2 ||     2
       Petrified         |       |       |       |       |     1 ||     1
       Paralysed         |       |       |       |       |     1 ||     1
  Eat: Chunk             |       |     3 |     4 |     3 |     1 ||    11
       Ration            |       |     1 |     3 |     5 |     2 ||    11
Armor: Robe              |    10 |     2 |       |       |       ||    12
       Skin              |       |     6 |       |       |       ||     6
       Scale mail        |       |    54 |    89 |       |       ||   143
       Leather armour    |       |    15 |       |       |       ||    15
       Chain mail        |       |       |    30 |   202 |   110 ||   342
Dodge: Dodged            |    45 |   138 |   154 |   227 |   135 ||   699
Block: Other             |       |       |    62 |    68 |    42 ||   172
       Rpst.: Falchion   |    13 |    26 |    29 |       |       ||    68
